 Dungeon Crawl Stone Soup version 0.24.0-35-gdb84b6a5db (webtiles) character file.

Game seed: 14991218278283953582, levelgen mode: deterministic

286 Iamsoldier the Magician (level 6, 0/44 HPs)
             Began as a Gnoll Wizard on Nov 20, 2019.
             Was an Initiate of Sif Muna.
             Slain by a bullfrog (7 damage)
             ... on level 4 of the Dungeon.
             The game lasted 00:11:51 (3004 turns).

Iamsoldier the Magician (Gnoll Wizard)              Turns: 3004, Time: 00:11:52

Health: 0/44       AC:  4    Str: 10    XL:     6   Next: 30%
Magic:  0/16       EV: 14    Int: 21    God:    Sif Muna [......]
Gold:   173        SH:  0    Dex: 14    Spells: 8/19 levels left

rFire    . . .     SeeInvis .   a - +4 short sword (elec)
rCold    . . .     Gourm    .   (no shield)
rNeg     . . .     Faith    .   n - +0 leather armour
rPois    .         Spirit   .   b - +1 hat
rElec    .         Reflect  .   (no cloak)
rCorr    .         Harm     .   (no gloves)
MR       .....                  (no boots)
Stlth    +++.......             (no amulet)
HPRegen  0.14/turn              (no ring)
MPRegen  0.15/turn              (no ring)

@: no status effects
A: distributed training, fangs 1, strong nose
a: Renounce Religion


You were on level 4 of the Dungeon.
You worshipped Sif Muna.
Sif Muna was noncommittal.
You were very hungry.

You visited 1 branch of the dungeon, and saw 4 of its levels.

You collected 173 gold pieces.

Inventory:

Hand Weapons
 a - a +4 short sword of electrocution (weapon)
Armour
 b - a +1 hat (worn)
 e - a +0 robe
 n - a +0 leather armour (worn)
 o - a +0 ring mail
Jewellery
 c - an uncursed ring of see invisible {unknown}
 m - an uncursed ring of stealth {unknown}
 v - an uncursed amulet of faith {unknown}
 A - an uncursed ring of protection from magic {unknown}
Wands
 x - a wand of flame (8)
Scrolls
 i - 2 scrolls of identify
 l - a scroll of noise {unknown}
 p - a scroll of blinking {unknown}
 u - a scroll of amnesia {unknown}
 w - a scroll of remove curse {unknown}
 y - a scroll of fear {unknown}
Potions
 f - 3 potions of flight
 q - a potion of berserk rage {unknown}
 r - a potion of heal wounds {unknown}
 s - a potion of might {unknown}
Comestibles
 d - 3 rations


   Skills:
 + Level 1.8 Fighting
 + Level 1.8 Short Blades
 + Level 1.8 Long Blades
 + Level 1.8 Axes
 + Level 1.8 Maces & Flails
 + Level 1.8 Polearms
 + Level 1.8 Staves
 + Level 1.8 Slings
 + Level 1.8 Bows
 + Level 1.8 Crossbows
 + Level 1.8 Throwing
 + Level 1.8 Armour
 + Level 4.9 Dodging
 + Level 4.5 Stealth
 + Level 1.8 Shields
 + Level 1.8 Unarmed Combat
 + Level 7.4 Spellcasting
 + Level 2.6 Conjurations
 + Level 1.4 Hexes
 + Level 1.4 Charms
 + Level 2.6 Summonings
 + Level 1.4 Necromancy
 + Level 2.6 Translocations
 + Level 1.4 Transmutations
 + Level 1.4 Fire Magic
 + Level 1.4 Ice Magic
 + Level 1.4 Air Magic
 + Level 1.4 Earth Magic
 + Level 1.4 Poison Magic
 + Level 2.0 Invocations
 + Level 1.8 Evocations


You had 8 spell levels left.
You knew the following spells:

 Your Spells              Type           Power        Failure   Level  Hunger
a - Magic Dart            Conj           ###.         3%          1    None
b - Conjure Flame         Conj/Fire      ###.....     14%         3    None
c - Blink                 Tloc           N/A          6%          2    None
d - Mephitic Cloud        Conj/Pois/Air  ###.....     16%         3    None
e - Call Imp              Summ           ###.....     6%          2    None

Your spell library contained the following spells:

 Spells                   Type           Power        Failure   Level  Hunger
 Slow                     Hex            ##......     10%         2    None


Dungeon Overview and Level Annotations

Branches:
Dungeon (4/15)
 Temple: D:4-7

Altars:
Elyvilon
Hepliaklqana
Sif Muna

Annotations:
D:3 Grinder


Innate Abilities, Weirdness & Mutations

Your experience applies equally to all skills.
You have very sharp teeth.
Your uncanny sense of smell can sniff out nearby items.


Message History

Casting: Magic Dart (safe; 3% risk of failure)
Confirm with . or Enter, or press ? or * to list all spells.
Aiming: Magic Dart (safe; 3% risk of failure)
Press: ? - help, Shift-Dir - straight line, f/p - bullfrog
Aim: a bullfrog (heavily wounded)
The magic dart hits the bullfrog.
The bullfrog is heavily wounded.
The bullfrog hits you.
* * * LOW HITPOINT WARNING * * *
The leopard gecko closely misses you. The frilled lizard barely misses you.
The bullfrog completely misses you. The leopard gecko misses you.
Casting: Magic Dart (safe; 3% risk of failure)
Confirm with . or Enter, or press ? or * to list all spells.
Aiming: Magic Dart (safe; 3% risk of failure)
Press: ? - help, Shift-Dir - straight line, f/p - bullfrog
Aim: a bullfrog (heavily wounded)
The magic dart hits the bullfrog.
The bullfrog is severely wounded.
The bullfrog hits you!
You die...

############
##.....#.Z...
##...........%
#.............
#...........$.
#.............
#.....l.......
#.....@.......
##....lF..?...
##...........
. ####..!##.##
.. #### .....
.. ..##...
.....# # ...
..## .# .##.##
#.. ..###.$#..
.#
###§##§§......


You could see a bullfrog, a leopard gecko, a frilled lizard and a leopard gecko
skeleton (dormant).

Vanquished Creatures
  Sigmund (D:3)
  A hound skeleton (D:2)
  4 gnolls (D:3)
  2 adders
  A worm (D:3)
  2 dart slugs
  A leopard gecko (D:1)
  7 bats
  5 giant cockroaches
  6 hobgoblins
  2 quokkas
  A ball python (D:1)
  3 frilled lizards
  8 goblins
  7 kobolds
  9 rats
60 creatures vanquished.

Notes
Turn   | Place    | Note
-------+----------+-------------------------------------------
     0 | D:1      | Iamsoldier the Gnoll Wizard began the quest for the Orb.
     0 | D:1      | Reached XP level 1. HP: 13/13 MP: 8/8
   203 | D:1      | Reached XP level 2. HP: 19/19 MP: 8/10
   707 | D:1      | Reached XP level 3. HP: 25/25 MP: 9/11
   987 | D:2      | Learned a level 3 spell: Conjure Flame
  1075 | D:2      | Reached skill level 1 in Invocations
  1245 | D:2      | Reached skill level 1 in Fighting
  1245 | D:2      | Reached skill level 1 in Short Blades
  1245 | D:2      | Reached skill level 1 in Long Blades
  1245 | D:2      | Reached skill level 1 in Axes
  1245 | D:2      | Reached skill level 1 in Maces & Flails
  1245 | D:2      | Reached skill level 1 in Polearms
  1245 | D:2      | Reached skill level 1 in Staves
  1245 | D:2      | Reached skill level 1 in Slings
  1245 | D:2      | Reached skill level 1 in Bows
  1245 | D:2      | Reached skill level 1 in Crossbows
  1245 | D:2      | Reached skill level 1 in Throwing
  1245 | D:2      | Reached skill level 1 in Armour
  1245 | D:2      | Reached skill level 1 in Shields
  1245 | D:2      | Reached skill level 1 in Unarmed Combat
  1245 | D:2      | Reached skill level 1 in Evocations
  1378 | D:2      | Found a white marble altar of Elyvilon.
  1411 | D:2      | Found a shimmering blue altar of Sif Muna.
  1437 | D:2      | Reached XP level 4. HP: 32/32 MP: 7/13
  1909 | D:2      | Became a worshipper of Sif Muna the Loreminder
  1915 | D:2      | Learned a level 2 spell: Blink
  1919 | D:2      | Learned a level 3 spell: Mephitic Cloud
  1925 | D:2      | Learned a level 2 spell: Call Imp
  2345 | D:3      | Reached skill level 1 in Hexes
  2345 | D:3      | Reached skill level 1 in Charms
  2345 | D:3      | Reached skill level 1 in Necromancy
  2345 | D:3      | Reached skill level 1 in Transmutations
  2345 | D:3      | Reached skill level 1 in Fire Magic
  2345 | D:3      | Reached skill level 1 in Ice Magic
  2345 | D:3      | Reached skill level 1 in Air Magic
  2345 | D:3      | Reached skill level 1 in Earth Magic
  2345 | D:3      | Reached skill level 1 in Poison Magic
  2717 | D:3      | Noticed Grinder
  2750 | D:3      | Paralysed by Grinder for 7 turns
  2754 | D:3      | Noticed a bullfrog
  2777 | D:4      | Reached XP level 5. HP: 13/37 MP: 3/14
  2935 | D:3      | Noticed Sigmund
  2991 | D:3      | Found a hazy altar of Hepliaklqana.
  2995 | D:3      | Killed Sigmund
  2995 | D:3      | Reached XP level 6. HP: 26/44 MP: 2/16
  3004 | D:4      | Slain by a bullfrog

Levels and vault maps discovered:
D:1:      lightli_arrival_boilingwater, layout_basic, serial_forest,
          infiniplex_forest_end_2, infiniplex_forest_lined_2,
          infiniplex_forest_lined_2, infiniplex_forest_corner_2,
          infiniplex_forest_clump_double, infiniplex_forest_lined_3,
          infiniplex_forest_lined_3_way
D:2:      layout_basic, elyvilon_altar_4, lemuel_blue_sif_altar
D:3:      layout_rooms, lemuel_crystal_altar, grunt_ministairs_2, uniq_sigmund,
          uniq_grinder
D:4:      layout_rooms, first_ration, portal_sewer_entry_e

Skill      XL: |  1  2  3  4  5 |
---------------+----------------+-----
Conjurations   | 2 |  2.6
Summonings     | 2 |  2.6
Translocations | 2 |  2.6
Invocations    | 1 2 |  2.0
Fighting       | 1 |  1.8
Short Blades   | 1 |  1.8
Long Blades    | 1 |  1.8
Axes           | 1 |  1.8
Maces & Flails | 1 |  1.8
Polearms       | 1 |  1.8
Staves         | 1 |  1.8
Slings         | 1 |  1.8
Bows           | 1 |  1.8
Crossbows      | 1 |  1.8
Throwing       | 1 |  1.8
Armour         | 1 |  1.8
Shields        | 1 |  1.8
Unarmed Combat | 1 |  1.8
Evocations     | 1 |  1.8
Hexes          | 1 |  1.4
Charms         | 1 |  1.4
Necromancy     | 1 |  1.4
Transmutations | 1 |  1.4
Fire Magic     | 1 |  1.4
Ice Magic      | 1 |  1.4
Air Magic      | 1 |  1.4
Earth Magic    | 1 |  1.4
Poison Magic   | 1 |  1.4
Dodging        | |  4.9
Stealth        | |  4.5
Spellcasting   | |  7.4

Action                   |  1- 3 |  4- 6 || total
-------------------------+-------+-------++-------
Melee: Short sword       |     7 |    21 ||    28
 Cast: Magic Dart        |    75 |    88 ||   163
       Mephitic Cloud    |       |     3 ||     3
       Conjure Flame     |       |     1 ||     1
  Use: Scroll            |       |     6 ||     6
       Potion            |       |     2 ||     2
  Eat: Chunk             |     1 |     4 ||     5
Armor: Robe              |     4 |     2 ||     6
       Leather armour    |       |     9 ||     9
Dodge: Dodged            |    27 |    53 ||    80
